 Dungeon Crawl Stone Soup version 0.27-a0-972-gd1521fd518 (webtiles) character file.

Game seed: 15880946317621785637

63 Alarkh the Insei (level 3, -3/27 HPs)
             Began as a Demonspawn Transmuter on Apr 13, 2021.
             Slain by Jessica
             ... wielding a +0 dagger
              (7 damage)
             ... on level 2 of the Dungeon.
             The game lasted 00:02:02 (1531 turns).

Alarkh the Insei (Demonspawn Transmuter)            Turns: 1531, Time: 00:02:03

Health: -3/27      AC:  2    Str: 10    XL:     3   Next: 87%
Magic:  6/6        EV: 12    Int: 15    God:
Gold:   50         SH:  0    Dex: 13    Spells: 5/6 levels left

rFire    . . .     SeeInvis .     - Unarmed
rCold    . . .     Faith    .   (no shield)
rNeg     + . .     Spirit   .   a - +0 robe
rPois    .         Reflect  .   (helmet currently unavailable)
rElec    .         Harm     .   (no cloak)
rCorr    .         Rampage  .   (no gloves)
Will     .....                  (boots currently unavailable)
Stlth    +.........             (no amulet)
HPRegen  0.09/turn              b - ring of positive energy
MPRegen  0.10/turn              (no ring)

@: appendages (expiring), attractive
A: horns 2, talons 2, claws 1
a: End Transformation


You were on level 2 of the Dungeon.
You had temporarily grown beastly horns and talons.
You visited 1 branch of the dungeon, and saw 2 of its levels.

You collected 50 gold pieces.

Inventory:

Armour
 a - a +0 robe (worn)
 h - a +0 helmet (melded)
Jewellery
 b - a ring of positive energy (left claw)
Scrolls
 c - a scroll of vulnerability {unknown}
 d - a scroll of noise {unknown}
 e - 2 scrolls of identify {unknown}
 f - a scroll of fear {unknown}


   Skills:
 + Level 1.8 Fighting
 - Level 1.7 Dodging
 * Level 3.4 Unarmed Combat
 + Level 2.4 Spellcasting
 + Level 2.3 Transmutations


You had 5 spell levels left.
You knew the following spells:

 Your Spells              Type           Power      Damage    Failure   Level
a - Beastly Appendage     Tmut           16%        N/A       9%          1

Your spell library contained the following spells:

 Spells                   Type           Power      Damage    Failure   Level
 Wereblood                Tmut           8%         N/A       12%         2
 Spider Form              Tmut/Pois      2%         N/A       36%         3
 Ice Form                 Ice/Tmut       5%         N/A       78%         4
 Hydra Form               Tmut           4%         N/A       92%         5


Dungeon Overview and Level Annotations

Branches:
Dungeon (2/15)

Altars:

Annotations:
D:2 Jessica


Innate Abilities, Weirdness & Mutations

You have temporarily grown beastly horns and talons.
You have sharp fingernails.


Message History

Jessica blinks!
Unknown command.
You closely miss the kobold. Your headbutt misses the kobold.
Jessica casts a spell.
Jessica blinks!
The kobold hits you but does no damage.
You closely miss the kobold.
Jessica casts a spell.
Jessica blinks!
The kobold hits you but does no damage.
You miss the kobold. You claw the kobold.
The kobold is moderately wounded.
The kobold hits you but does no damage.
You closely miss the kobold.
The kobold is moderately wounded.
You scratch the kobold.
The kobold is severely wounded.
The kobold hits you with a +0 short sword.
You scratch the kobold but do no damage.
The kobold is severely wounded.
The kobold misses you.
You scratch the kobold but do no damage.
Your kick misses the kobold.
The kobold is severely wounded.
Your transformation is almost over.
The kobold hits you with a +0 short sword.
You scratch the kobold but do no damage.
The kobold is severely wounded.
The kobold closely misses you.
You closely miss the kobold.
The kobold is severely wounded.
The kobold closely misses you.
You scratch Jessica but do no damage.
Jessica is lightly wounded.
Jessica points at you and mumbles some strange words.
Pain shoots through your body!
* * * LOW HITPOINT WARNING * * *
The kobold completely misses you.
It was a potion of attraction.
You feel attractive to monsters. Jessica hits you with a +0 dagger!
You die...

......##.# #.#.##.#.####
......##)# #....#.......
......##)# #.##...#..#
......#.)###.#.......#
......#.###.........####
#####...#......###.....#
#(.......### ##.##...K.
###.....#.#######.####...
#....(.......@@KK........
....#.........######.......
..............# .......
...>......##### B......
........... .......
............ ....###
#...#....###. ....#
........#


You could see Jessica and 2 kobolds.

Vanquished Creatures
  Robin (D:2)
  An adder (D:2)
  3 bats
  2 endoplasms
  11 goblins
  9 hobgoblins
  A kobold (D:1)
  2 quokkas
  3 ball pythons
  A frilled lizard (D:1)
  4 rats (D:1)
38 creatures vanquished.

Notes
Turn   | Place    | Note
-------+----------+-------------------------------------------
     0 | D:1      | Alarkh the Demonspawn Transmuter began the quest for the
                  | Orb.
     0 | D:1      | Reached XP level 1. HP: 15/15 MP: 3/3
   380 | D:1      | Gained mutation: You have sharp fingernails. [demonic
                  | ancestry]
   380 | D:1      | Reached XP level 2. HP: 19/21 MP: 3/5
   384 | D:1      | Reached skill level 3 in Unarmed Combat
   533 | D:1      | Found a faded altar of an unknown god.
  1091 | D:2      | Noticed Robin
  1137 | D:2      | Reached XP level 3. HP: 22/26 MP: 4/6
  1340 | D:2      | Killed Robin
  1354 | D:2      | HP: 1/27 [goblin/+0 dagger[Robin] (2)]
  1504 | D:2      | Noticed Jessica
  1531 | D:2      | Slain by Jessica

Illustrated notes

Levels and vault maps discovered:
D:1:      dpeg_arrival_short_road, layout_basic, ebering_ecumenical_altar_mist,
          nrook_uturn
D:2:      layout_rooms, basic_altar, uniq_jessica, uniq_natasha, uniq_robin

Skill      XL: |  1  2 |
---------------+-------+-----
Transmutations | 2 |  2.3
Unarmed Combat | 3 |  3.4
Fighting       | |  1.8
Dodging        | |  1.7
Spellcasting   | |  2.4

Action                   || total
-------------------------++-------
Melee: Unarmed           ||   111
       Kick              ||    13
       Punch             ||     1
       Headbutt          ||    13
 Cast: Beastly Appendage ||    24
  Use: Potion            ||     3
       Scroll            ||     1
Armor: Robe              ||    12
Dodge: Dodged            ||    53

Table legend: (Time is in decaauts)
 A = Elapsed time spent in this place.
 B = Non-inter-level travel time spent in this place.
 C = Inter-level travel time spent in this place.
 D = Time resting spent in this place.
 E = Time spent auto-exploring this place.
 F = Levels seen in this place.
 G = Mean time per level.
                   A        B        C        D        E       F      G
               +--------+--------+--------+--------+--------+-----+--------+
         Total |   1523 |   1486 |     37 |    182 |   1028 |   2 |  761.5 |
       Dungeon |   1523 |   1486 |     37 |    182 |   1028 |   2 |  761.5 |
               +--------+--------+--------+--------+--------+-----+--------+

Top non-repeatable levels by time:
     D:1: 1060 daAuts
     D:2: 463 daAuts
